Map: [ESL] Glittering Ashes

Players

Reynor

  • Race: Zerg Zerg

HeroMarine - Winner!

  • Race: Terran Terran

Event: IEM Katowice 2022

VOD

Have the link to the VOD?

Description

Time

  • Played on: Feb. 27, 2022, 4:13 a.m.
  • Length: 8:17

All games in this series

Show
View Real Time Build Order
Export as new Build Order

Reynor Zerg 

Build Orders: Hatch First 

Get SALT Encoding   

  12  0:00  Drone  
  13  0:12  Overlord  
  13  0:17  Drone  
  14  0:30  Drone x2  
  16  0:47  Hatchery  
  15  0:51  Drone  
  15  0:54  Drone  
  17  0:57  Drone  
  18  1:09  Extractor  
  17  1:13  Spawning Pool  
  17  1:15  Drone  
  17  1:19  Drone  
  18  1:27  Drone  
  19  1:38  Drone  
  20  1:49  Overlord  
  20  1:59  Queen x2  
  20  2:00  Zergling x4  
  26  2:10  Drone x2  
  28  2:21  Drone x2  
  30  2:27  Hatchery  
  29  2:32  Drone x2  
  31  2:37  Pneumatized Carapace  
  31  2:43  Drone  
  32  2:44  Overlord  
  32  2:55  Queen, Drone  
  32  2:57  Drone  
  36  3:04  Drone x2  
  38  3:09  Drone x3  
  41  3:15  Metabolic Boost  
  41  3:17  Overlord  
  41  3:20  Drone  
  41  3:25  Queen  
  44  3:33  Overlord  
  44  3:36  Drone x2  
  44  3:38  Queen  
  44  3:40  Drone  
  49  3:42  Drone  
  49  3:44  Drone  
  49  3:45  Drone  
  52  3:53  Baneling Nest, Queen  
  53  3:59  Drone x2, Spine Crawler  
  53  4:01  Zergling x2  
  55  4:05  Zergling x4  
  55  4:08  Overlord  
  58  4:10  Zergling x2  
  58  4:12  Drone x2  
  58  4:14  Drone  
  61  4:19  Queen  
  61  4:21  Overlord  
  64  4:24  Drone  
  64  4:26  Drone x2  
  64  4:29  Overlord  
  66  4:37  Overlord  
  67  4:40  Drone x2  
  67  4:41  Drone  
  67  4:42  Drone x4  
  67  4:44  Lair  
  74  4:48  Drone x2, Extractor  
  74  4:49  Drone  
  76  4:53  Zergling x4  
  76  4:54  Zergling x2  
  76  4:58  Baneling x3  
  79  5:00  Queen  
  79  5:03  Zergling x4  
  79  5:04  Overlord  
  79  5:06  Drone x2  
  85  5:11  Extractor  
  85  5:13  Overlord  
  84  5:15  Drone x2  
  84  5:16  Overlord  
  84  5:17  Drone x2  
  88  5:25  Spore Crawler, Overlord, Extractor  
  88  5:26  Evolution Chamber, Drone x2  
  87  5:37  Zergling x2  
  87  5:38  Queen  
  87  5:40  Zergling x4  
  87  5:41  Zergling x4  
  94  5:43  Zergling x8  
  94  5:48  Centrifugal Hooks, Overlord  
  99  5:50  Zergling x4  
  99  5:53  Zergling x6  
  103  5:58  Zergling x2  
  103  6:03  Zergling x4  
  105  6:05  Baneling x4  
  105  6:09  Spore Crawler  
  105  6:10  Zergling x8  
  108  6:13  Zergling x4  
  108  6:14  Hatchery  
  108  6:17  Baneling x4  
  108  6:18  Baneling x2  
  109  6:21  Zergling x8  
  113  6:25  Overlord  
  113  6:30  Baneling x5  
  112  6:39  Zergling x2  
  113  6:40  Overlord x4  
  113  6:43  Zergling x4  
  113  6:44  Zergling x2  
  113  6:46  Zergling x6  
  117  6:47  Queen  
  117  6:48  Zergling x2  
  117  6:51  Zergling x6  
  120  6:54  Zergling x2  
  120  6:56  Zergling x2  
  111  7:01  Zergling x2  
  111  7:03  Zergling x6  
  111  7:06  Zergling x2  
  94  7:09  Zergling x6  
  94  7:10  Zergling x2  
  94  7:11  Queen x2  
  94  7:13  Baneling x6  
  86  7:16  Zergling x4  
  86  7:21  Zergling x8  
  86  7:23  Zergling x2  
  81  7:36  Zergling x10  
  72  7:45  Baneling x8  
  72  7:47  Zergling x4  
  72  7:49  Zergling x2  
  72  7:50  Zergling x2  
  78  7:56  Zergling x6  
  78  7:57  Zergling x2  
Show
View Real Time Build Order
Export as new Build Order

HeroMarine Terran - Winner!

Build Orders: Command Center First (CC) 

Get SALT Encoding   

  12  0:00  SCV  
  13  0:12  SCV  
  14  0:17  Supply Depot  
  14  0:24  SCV  
  15  0:38  SCV  
  16  0:50  SCV  
  17  0:58  Command Center  
  17  1:02  SCV  
  18  1:12  Barracks  
  18  1:15  SCV  
  19  1:20  Refinery  
  19  1:27  SCV  
  19  1:28  Refinery  
  20  1:39  SCV  
  21  1:51  SCV  
  22  1:58  Marine  
  23  2:03  Orbital Command  
  23  2:07  Factory  
  23  2:12  Orbital Command  
  23  2:16  Barracks Reactor  
  23  2:29  SCV  
  24  2:38  SCV  
  24  2:41  SCV  
  26  2:50  SCV  
  27  2:53  SCV  
  27  2:54  Starport  
  27  2:56  Hellion x2, Supply Depot  
  32  3:00  Barracks Tech Lab  
  32  3:02  SCV  
  32  3:05  SCV  
  34  3:14  SCV  
  34  3:17  SCV  
  34  3:18  Hellion x2, Stimpack  
  40  3:21  Supply Depot  
  40  3:24  Marauder  
  42  3:31  Viking  
  42  3:32  SCV  
  42  3:33  SCV  
  46  3:44  SCV  
  46  3:45  SCV  
  46  3:46  Marine  
  49  3:53  Supply Depot  
  53  3:56  SCV  
  53  4:01  Barracks, Starport Reactor  
  50  4:04  Marine, Barracks  
  50  4:05  SCV  
  50  4:06  Engineering Bay  
  50  4:07  Factory Tech Lab  
  50  4:08  SCV  
  53  4:15  Supply Depot  
  53  4:17  SCV  
  53  4:20  SCV  
  53  4:21  Marine  
  56  4:27  Refinery, Supply Depot  
  56  4:29  SCV  
  56  4:30  Siege Tank  
  60  4:32  SCV  
  60  4:34  Terran Infantry Weapons Level 1  
  61  4:41  Marine, SCV  
  61  4:44  SCV  
  64  4:46  Starport Reactor  
  64  4:48  Barracks  
  64  4:50  Barracks  
  64  4:53  SCV  
  64  4:54  Marine x2  
  64  4:56  SCV  
  64  4:58  Refinery  
  64  4:59  Marine x2  
  70  5:00  Marine  
  70  5:04  Siege Tank  
  70  5:06  Combat Shield  
  74  5:12  Marine  
  74  5:13  Supply Depot x2  
  75  5:16  Marine  
  75  5:17  Supply Depot  
  75  5:20  Marine x2  
  78  5:34  Marine x3, Medivac x2  
  85  5:38  Marine  
  85  5:40  Supply Depot x2  
  85  5:42  Siege Tank  
  89  5:43  Marine x3  
  92  5:52  Marine x2  
  92  5:53  Marine  
  95  5:59  Marine  
  95  6:01  Marine x2  
  95  6:04  Marine  
  98  6:08  Medivac  
  98  6:10  Marine x2  
  103  6:13  Marine  
  103  6:14  Siege Tank, Medivac  
  103  6:17  Marine  
  110  6:18  Marine  
  110  6:19  Marine  
  110  6:22  Marine  
  113  6:27  Marine x2  
  113  6:31  Marine  
  114  6:35  Marine  
  114  6:36  Marine x2  
  117  6:41  Marine  
  117  6:45  Marine  
  118  6:53  Siege Tank, Liberator x2, Supply Depot  
  126  6:57  Marine x2  
  126  6:59  Marine x2  
  107  7:10  Marine x2  
  107  7:11  Marine  
  107  7:15  Marine x2  
  101  7:16  Marine  
  101  7:17  Marine  
  103  7:25  Siege Tank  
  103  7:28  Marine x2  
  103  7:29  Marine  
  99  7:33  Marine x2  
  99  7:34  Marine  
  99  7:35  Marine  
  97  7:46  Marine x3  
  97  7:51  Marine x2  
  100  7:52  Marine x2  

Tags
 
Add a new tag
Caveats
  • Supply blocks, unpowered buildings, or Contaminate may cause inaccurate times.
  • Supply counts are checked every 10 seconds.